 Dungeon Crawl Stone Soup version 0.20-a0-274-g7b51309 (webtiles) character file.

540581 Aviraven the Shatterer (level 25, 0/165 HPs)
             Began as a Gargoyle Fighter on Dec 13, 2016.
             Was a High Priest of Makhleb.
             Killed from afar by a frost giant (13 damage)
             ... with a bolt of cold
             ... on level 2 of the Depths.
             The game lasted 05:24:02 (59720 turns).

Aviraven the Shatterer (Gargoyle Fighter)          Turns: 59720, Time: 05:24:03

Health: 0/165      AC: 44    Str: 26      XL:     25   Next: 97%
Magic:  0/35       EV: 19    Int:  8 (12) God:    Makhleb [*****.]
Gold:   6193       SH: 22    Dex: 30      Spells: 13/24 levels left

rFire  . . .     SeeInvis +     E - +9 morningstar (vamp)
rCold  + . .     Gourm    .     k - +10 plate armour of the Black Moon {rC+ Dex+6}
rNeg   + + +     Faith    .     S - +5 shield {reflect}
rPois  ∞         Spirit   +     (no helmet)
rElec  +         Reflect  +     R - +0 cloak "Xeotum" {rN+ MR+}
rCorr  +         Harm     .     w - +2 pair of gloves
MR     ++...                    (no boots)
Stlth  ..........               e - amulet of the Bouncing Seas {Spirit Str+2}
                                X - ring "Zicsul" {*Slow rElec rPois rN+ Str+3}
                                t - ring of the Cricket {rCorr *Drain Dex+7 Slay+2 SInv}

@: flying
A: big wings, hooves 1, see invisible, deformed body, negative energy resistance
1, electricity resistance, wild magic 1, unbreathing, petrification resistance,
rot immunity, AC +19
}: 3/15 runes: barnacled, golden, gossamer
a: Stop Flying, Minor Destruction, Lesser Servant of Makhleb, Major Destruction,
Greater Servant of Makhleb, Renounce Religion


You were on level 2 of the Depths.
You worshipped Makhleb.
Makhleb was extremely pleased with you.
You were not hungry.

You visited 11 branches of the dungeon, and saw 45 of its levels.
You visited the Abyss 1 time.
You also visited: Bailey and Wizlab.

You collected 7727 gold pieces.
You spent 1534 gold pieces at shops.

Inventory:

Hand Weapons
 a - a +9 demon whip of freezing
 b - the +9 hand crossbow of Satyriasis {flame, rElec Int+7}
   (You found it on level 3 of the Elven Halls)

   It causes projectiles fired from it to burn those they strike, causing extra
   injury to most foes and up to half again as much damage against particularly
   susceptible opponents.
   It affects your intelligence (+7).
   It insulates you from electricity.
 z - the +8 flail of Fear {flame, rN+ MP+9}
   (You bought it in a shop on level 4 of the Dungeon)

   It has been specially enchanted to burn those struck by it, causing extra
   injury to most foes and up to half again as much damage against particularly
   susceptible opponents.
   It protects you from negative energy.
   It affects your magic capacity (+9).
 E - a +9 vampiric morningstar (weapon)
 K - the +6 flail of the Philosopher {drain, MR+}
   (You found it on level 3 of the Elven Halls)

   A truly terrible weapon, it drains the life of those it strikes.
   It affects your resistance to hostile enchantments.
 O - a +0 morningstar of protection
 P - a +2 eveningstar of holy wrath
 Q - the +7 flail of Equivalence {drain, +Fly Int+4}
   (You found it on level 3 of the Tomb of the Ancients)

   A truly terrible weapon, it drains the life of those it strikes.
   It affects your intelligence (+4).
   It lets you fly.
Missiles
 U - 705 bolts
Armour
 k - the +10 plate armour of the Black Moon (worn) {rC+ Dex+6}
   (You found it on level 3 of the Lair of Beasts)

   It affects your dexterity (+6).
   It protects you from cold.
 v - a +1 cloak of magic resistance
 w - a +2 pair of gloves (worn)
 y - the +2 helmet of a bailey {rElec, unknown}
   (You found it on level 3 of the Tomb of the Ancients)

   It insulates you from electricity.
 R - the +0 cloak "Xeotum" (worn) {rN+ MR+}
   (You bought it in a shop on level 5 of the Dungeon)

   It protects you from negative energy.
   It affects your resistance to hostile enchantments.
 S - a +5 shield of reflection (worn)
 T - a +2 cloak
 W - the +4 moon troll leather armour {Spirit, Regen++ MP+5}
   (You took it off a moon troll in a wizard's laboratory)

   It affects your magic capacity (+5).
   It increases your rate of regeneration.
Jewellery
 e - the amulet of the Bouncing Seas (around neck) {Spirit Str+2}
   (You found it on level 4 of the Shoals)

   [amulet of guardian spirit]

   It causes incoming damage to be split between your health and magic.
   It affects your strength (+2).
 g - an uncursed ring of resist corrosion
 j - the ring "Ujiamp" {+Fly AC+4 Int-4 Dex+2}
   (You found it on level 3 of the Elven Halls)

   [ring of protection]

   It affects your AC (+4).
   It affects your intelligence (-4).
   It affects your dexterity (+2).
   It lets you fly.
 m - a cursed -3 ring of intelligence {unknown}
 s - an uncursed amulet of harm
 t - the ring of the Cricket (left hand) {rCorr *Drain Dex+7 Slay+2 SInv}
   (You acquired it on level 13 of the Dungeon)

   [ring of resist corrosion]

   It affects your dexterity (+7).
   It affects your accuracy and damage with ranged weapons and melee attacks
   (+2).
   It lets you see invisible.
   It causes draining when unequipped.
 A - an uncursed ring of protection from fire
 D - the ring of Entoll {+Inv Str+4 Dex+2, unknown}
   (You found it on level 3 of the Tomb of the Ancients)

   [ring of dexterity]

   It affects your strength (+4).
   It affects your dexterity (+2).
   It lets you turn invisible.
 H - the ring "Liakegaa" {rC- MP+9 Str+2 Slay+2}
   (You found it on level 3 of the Elven Halls)

   [ring of magical power]

   It affects your strength (+2).
   It affects your accuracy and damage with ranged weapons and melee attacks
   (+2).
   It makes you vulnerable to cold.
   It affects your magic capacity (+9).
 X - the ring "Zicsul" (right hand) {*Slow rElec rPois rN+ Str+3}
   (You found it on level 2 of the Shoals)

   [ring of positive energy]

   It affects your strength (+3).
   It insulates you from electricity.
   It protects you from poison.
   It protects you from negative energy.
   It may slow you when you take damage.
Scrolls
 c - 4 scrolls of teleportation
 i - 9 scrolls of recharging
 p - a scroll of remove curse
 q - 9 scrolls of magic mapping
 x - 2 scrolls of fog
 B - a scroll of blinking
 V - a scroll of enchant weapon
 Z - 3 scrolls of fear
Potions
 d - 3 potions of cancellation
 l - 6 potions of curing
 r - 2 potions of agility
 u - 5 potions of brilliance
 F - 5 potions of haste
 I - 2 potions of might
 J - 2 potions of ambrosia
 N - 5 potions of invisibility
Books
 h - a book of Annihilations

   Spells                             Type                      Level
   a - Poison Arrow                   Conjuration/Poison           6
   b - Chain Lightning                Conjuration/Air              8
   c - Lehudib's Crystal Spear        Conjuration/Earth            8
   d - Glaciate                       Conjuration/Ice              9
   e - Fire Storm                     Conjuration/Fire             9
 Y - a book of Geomancy

   Spells                             Type                      Level
   a - Sandblast                      Earth                        1
   b - Passwall                       Transmutation/Earth          2
   c - Stone Arrow                    Conjuration/Earth            3
   d - Petrify                        Transmutation/Earth          4
   e - Lee's Rapid Deconstruction     Earth                        5
Miscellaneous
 C - a phial of floods
Comestibles
 f - 6 bread rations
 n - 4 slices of pizza
 o - 22 meat rations
 L - 15 fruits
 M - 15 beef jerkies


   Skills:
 - Level 19.1 Fighting
 + Level 23.0 Maces & Flails
   Level 7.5 Bows
 - Level 13.7 Crossbows
 - Level 12.4 Armour
 - Level 12.5 Dodging
 + Level 8.0 Stealth
 - Level 18.4 Shields
 - Level 2.2 Conjurations
 - Level 9.8 Earth Magic
 - Level 16.1 Invocations


You had 13 spell levels left.
You knew the following spells:

 Your Spells              Type           Power        Failure   Level  Hunger
a - Stone Arrow           Conj/Erth      ##....       89%         3    ####...
b - Lehudib's Crystal Sp  Conj/Erth      ##........   100%        8    #######


Dungeon Overview and Level Annotations

Branches:
Dungeon (15/15)            Temple (1/1) D:6            Lair (6/6) D:8
 Shoals (4/4) Lair:3       Spider (4/4) Lair:3        Slime (0/5) Lair:5
    Orc (2/2) D:12            Elf (3/3) Orc:2        Vaults (2/5) D:13
  Crypt (3/3) Vaults:2       Tomb (3/3) Crypt:3      Depths (2/5) D:15

Altars:
Ashenzari
Cheibriados
Dithmenos
Elyvilon
Fedhas
Gozag
Hepliaklqana
Kikubaaqudgha
Makhleb
Nemelex Xobeh
Okawaru
Qazlal
Ru
Sif Muna
Trog
Uskayaw
Vehumet
Xom
Yredelemnul
Zin
The Shining One
Beogh
Jiyva
Lugonu

Shops:
D:4 (   D:5 [   D:6 *   D:12 [   D:13 *   Orc:1 =   Orc:2 [?(!   Elf:2 =
Elf:3 !   Vaults:1 %   Vaults:2 ?

Portals:
Hell: Depths:1

Annotations:
D:2 1 runed door
Spider:4 Asterion
Elf:2 2 runed doors


Innate Abilities, Weirdness & Mutations

You are resistant to torment.
Your stone body is resilient. (AC +19)
You are immune to poison.
Your large and strong wings let you fly indefinitely.
You resist negative energy. (rN+)
You are resistant to electric shocks. (rElec)
You can survive without breathing.
You are immune to petrification.
You are immune to rotting.
You have large cloven feet.
You have supernaturally acute eyesight. (SInv)
Armour fits poorly on your strangely shaped body.
Your spells are a little harder to cast, but a little more powerful.


Message History

You kill the wizard!
The wizard's corpse dissolves into shadows!
A large slime creature splits.
The frost giant completely misses you.
You block the spriggan berserker's attack.
You miss the spriggan berserker.
Your kick misses the spriggan berserker.
The spriggan berserker is heavily wounded.
The elephant rages.
The spriggan air mage waves its arms in wide circles.
The air twists around and violently strikes you in flight!
Two slime creatures merge to form a titanic slime creature.
The spriggan rider hits you but does no damage.
The glowing orange brain blinks!
You puncture the spriggan berserker!
Your kick misses the spriggan berserker.
The spriggan berserker is heavily wounded.
You block the spriggan berserker's attack.
The frost giant casts a spell at you. The bolt of cold hits you! You resist.
You die...

.......##
........#
....G...#
...g....#
.......c######


...O..OGDRiJ. ....gGCCiJJ## ...OYgpCGCiJ# ......g(##@#.# ....Ggg##### #######
You could see a frost giant, a fire dragon, a stone giant, a yaktaur captain, an
elephant (berserk), 3 great orbs of eyes, 2 ettins, a rakshasa, a titanic slime
creature, a very large slime creature, 2 slime creatures, a spriggan rider, a
glowing orange brain, an ogre mage, a spriggan berserker (berserk), a spriggan
air mage, a wizard, a two-headed ogre, an ogre and 3 boggarts.

Vanquished Creatures
  Khufu (Tomb:2)
  An ancient lich (Tomb:1)
  Mennas (Crypt:2)
  Boris (Crypt:2)
  20 greater mummies
  Jory (Tomb:1)
  the Enchantress (D:15)
  Arachne (Spider:4)
  A profane servitor (Crypt:3)
  2 bone dragons
  4 liches
  Jorgrun (Vaults:1)
  Rupert (Lair:5)
  A Hell Sentinel (Abyss:4)
  A tentacled monstrosity (Vaults:2)
  A deep elf master archer (Elf:3)
  A kraken (Shoals:1)
  4 deep elf blademasters (Elf:3)
  A quicksilver dragon (Abyss:4)
  8 sphinxes (Tomb:1)
  Frances (D:13)
  10 tentacled starspawn (WizLab)
  A storm dragon (Vaults:2)
  9 ancient champions
  Agnes (Elf:1)
  5 revenants
  2 deep elf sorcerers (Elf:3)
  A frost giant (Shoals:4)
  5 emperor scorpions
  12 ghouls
  2 curse skulls
  5 ghost moths
  3 vault wardens (Vaults:1)
  3 deep elf elementalists
  5 ironheart preservers
  3 spriggan defenders (D:15)
  12 very ugly things
  5 stone giants
  5 vampire knights
  A deep elf demonologist (Vaults:2)
  6 entropy weavers
  14 bennus
  A spark wasp (shapeshifter) (D:15)
  4 deep elf annihilators (Elf:3)
  7 spark wasps
  4 merfolk javelineers
  10 deep elf death magi
  2 crystal guardians (WizLab)
  4 eidola
  An ettin (Depths:1)
  32 mummy priests
  Josephine (D:11)
  7 merfolk impalers
  14 jiangshi
  8 deep elf high priests (Elf:3)
  A quicksilver dragon zombie (Crypt:3)
  3 yaktaur captains
  6 ice dragons
  5 great orbs of eyes
  A vault guard (D:13)
  2 catoblepae
  9 ogre magi
  4 hydras
  3 rakshasas
  2 merfolk avatars (Shoals:4)
  A spriggan air mage (Depths:1)
  4 merfolk aquamancers (Shoals:4)
  9 death knights
  5 centaur warriors
  24 dancing weapons
  19 death scarabs
  A deep troll earth mage (D:15)
  A deep troll shaman (D:15)
  4 vampire magi
  A titan zombie (Tomb:3)
  9 thrashing horrors (Abyss:4)
  3 spriggan berserkers (D:15)
  An orc high priest (Elf:2)
  The ghost of AlphabetPasta the Carver, a novice OpFi of Okawaru (D:9)
  4 slime creatures
  Urug (D:11)
  2 soul eaters
  3 wretched stars
  2 fire crabs (shapeshifter)
  15 deep elf knights
  56 skeletal warriors
  2 iron trolls (Depths:1)
  A deep troll (Depths:1)
  A spatial maelstrom (Abyss:4)
  8 flayed ghosts
  A glowing orange brain (shapeshifter) (Vaults:2)
  7 sea snakes
  3 unseen horrors
  5 glowing orange brains
  4 shadow wraiths
  6 hill giants
  7 phantasmal warriors
  A golden dragon skeleton (Tomb:2)
  11 ironbrand convokers
  15 deep elf archers
  2 necromancers
  A wizard (D:13)
  12 orc knights
  23 orb spiders
  A frost giant zombie (Tomb:3)
  2 wolf spider zombies
  6 harpies
  42 deep elf magi
  3 orc sorcerers
  46 ugly things
  A fire giant zombie (Crypt:2)
  10 cyclopes
  26 wolf spiders
  4 large abominations (Abyss:4)
  10 merfolk sirens
  3 moths of wrath
  12 manticores
  An iron dragon skeleton (Tomb:2)
  3 fauns (Shoals:1)
  A worldbinder (Abyss:4)
  A naga mage (Abyss:4)
  2 frost giant skeletons
  A guardian serpent (shapeshifter) (D:15)
  The ghost of hoot the Quickloader, a novice KoHu (D:6)
  Maurice (D:8)
  5 torpor snails
  5 water nymphs
  6 vault sentinels
  3 black mambas
  An emperor scorpion zombie (Tomb:3)
  3 eyes of devastation (WizLab)
  8 spiny frogs
  A dire elephant skeleton (Tomb:3)
  A rime drake (Lair:6)
  2 smoke demons (Abyss:4)
  9 komodo dragons
  A centaur skeleton (D:12)
  8 freezing wraiths
  22 yaktaurs
  A kobold demonologist (D:12)
  A komodo dragon (shapeshifter) (Vaults:1)
  An alligator snapping turtle skeleton (Crypt:1)
  11 demonic crawlers
  7 trolls
  39 jumping spiders
  A silent spectre (Abyss:4)
  4 polar bears
  Grinder (D:4)
  A meliai (shapeshifter) (Vaults:1)
  10 two-headed ogres
  50 guardian mummies
  2 wind drakes
  18 merfolk
  A polar bear (shapeshifter) (D:15)
  6 snapping turtles
  5 bog bodies
  12 hornets
  A two-headed ogre (shapeshifter) (Elf:2)
  A meliai zombie (D:15)
  11 blink frogs
  3 raiju (Abyss:4)
  A dream sheep (Lair:6)
  10 hippogriffs
  57 flying skulls
  7 shadows
  2 air elementals (Elf:3)
  2 vampires
  A tarantella (shapeshifter) (Vaults:1)
  A hill giant zombie (Crypt:2)
  10 water elementals
  A wyvern (Lair:6)
  A dire elephant simulacrum (Crypt:3)
  29 yaks
  An ettin skeleton (Crypt:2)
  63 redbacks
  25 tarantellas
  17 ushabtiu
  14 spriggans
  2 hungry ghosts
  16 wraiths
  2 basilisks
  3 neqoxecs
  9 humans (D:13)
  A chaos spawn (Abyss:4)
  A steam dragon (Lair:2)
  A golden eye (shapeshifter) (D:15)
  4 golden eyes (WizLab)
  2 fire elementals
  2 nagas (Abyss:4)
  15 wargs
  2 vampire mosquitoes
  21 water moccasins
  2 merfolk skeletons (Tomb:1)
  2 acid dragons
  11 porcupines
  3 sky beasts
  3 hell hounds (Abyss:4)
  5 black bears
  An ice beast (shapeshifter) (D:15)
  54 orc warriors
  A black bear (shapeshifter) (Vaults:1)
  An ettin simulacrum (Crypt:3)
  5 ice beasts
  2 eyes of draining
  43 ogres
  5 necrophages
  A swamp dragon zombie (Crypt:2)
  5 boggarts
  5 phantoms
  17 centaurs
  15 crocodiles
  A centaur (shapeshifter) (Depths:1)
  21 wolves (Lair:6)
  6 big kobolds
  19 bullfrogs
  4 small abominations (Abyss:4)
  A gnoll sergeant (D:12)
  A hell hound skeleton (Crypt:2)
  2 earth elementals
  A cyclops skeleton (Crypt:1)
  A water moccasin skeleton (D:10)
  7 scorpions
  3 killer bees (D:8)
  16 wights
  5 howler monkeys
  An electric eel (Spider:2)
  6 jellies
  A bullfrog zombie (D:5)
  4 crimson imps
  6 starcursed masses (WizLab)
  A quasit (D:8)
  2 centaur zombies
  4 hounds
  25 orc priests
  An iron imp (Abyss:4)
  2 bullfrog skeletons
  4 iguanas
  32 orc wizards
  8 worker ants
  A crocodile zombie (Crypt:1)
  A hound skeleton (Crypt:2)
  46 mummies
  A worker ant zombie (D:6)
  11 gnolls
  9 adders
  8 shadow imps
  A white imp (Abyss:4)
  An ufetubus (Abyss:4)
  An adder skeleton (D:4)
  4 dart slugs
  5 worms
  3 leopard geckos
  144 orcs
  A ball python (D:7)
  4 bats
  10 giant cockroaches
  7 goblins
  6 hobgoblins
  9 jackals
  6 quokkas
  5 frilled lizards
  A gnoll zombie (Crypt:1)
  A jackal skeleton (D:4)
  10 kobolds
  A kobold zombie (Crypt:1)
  A leopard gecko skeleton (D:4)
  17 rats
  2 crawling corpses (Elf:3)
  A demonic plant (WizLab)
  3 plants
  13 starspawn tentacles (WizLab)
  3 tentacles (Shoals:1)
  A withered plant (Shoals:1)
2037 creatures vanquished.

Vanquished Creatures (collateral kills)
  Xtahua (Crypt:3)
  A lich (Crypt:3)
  A moon troll (WizLab)
  A quicksilver dragon (WizLab)
  2 tentacled starspawn (WizLab)
  Kirke (Spider:4)
  A revenant (Crypt:3)
  A vault warden (Vaults:2)
  A cacodemon (WizLab)
  A vampire knight (Crypt:1)
  2 deep elf death magi
  An ettin (Vaults:2)
  4 merfolk impalers
  2 jiangshi (Crypt:1)
  A death knight (D:13)
  2 merfolk aquamancers (Shoals:4)
  3 centaur warriors
  A spectral storm dragon (Crypt:3)
  A vampire mage (Crypt:1)
  2 shadow wraiths
  3 glowing orange brains (WizLab)
  9 skeletal warriors
  2 sea snakes (Shoals:4)
  A wizard (D:13)
  An orange crystal statue (WizLab)
  An ironbrand convoker (Vaults:2)
  10 harpies
  A phantasmal warrior (Crypt:2)
  A deep elf mage (Vaults:2)
  An orb spider (Spider:4)
  A manticore (D:13)
  A vault sentinel (Vaults:2)
  A gargoyle (D:13)
  A spiny frog (Lair:6)
  A yaktaur (Vaults:2)
  3 freezing wraiths
  A troll (D:12)
  A jumping spider (Spider:4)
  10 merfolk
  A blink frog (Lair:6)
  A snapping turtle (Shoals:4)
  A satyr zombie (Crypt:1)
  8 flying skulls (Crypt:3)
  2 small abominations (Crypt:3)
  2 spriggans (Lair:6)
  5 wraiths
  3 hogs (Spider:3)
  2 redbacks
  10 humans (D:13)
  2 vampire mosquitoes (D:13)
  2 basilisks (Shoals:1)
  2 large abominations (Crypt:3)
  A neqoxec (WizLab)
  A floating eye (Depths:2)
  A sky beast (D:13)
  2 orc warriors (Vaults:2)
  2 necrophages (Crypt:3)
  5 centaurs
  A wyvern zombie (D:12)
  A gnoll (D:12)
  A scorpion zombie (Crypt:1)
  An orc (D:12)
  A starspawn tentacle (WizLab)
138 creatures vanquished.

Vanquished Creatures (others)
  A deep elf master archer (Elf:3)
  An ancient champion (Tomb:3)
  2 stone giants
  Nessos (Orc:2)
  A yaktaur captain (Vaults:2)
  A centaur warrior (Vaults:1)
  9 death scarabs
  A storm dragon zombie (Tomb:3)
  2 deep elf archers
  An orc knight (Orc:2)
  A deep elf mage (Elf:3)
  An ugly thing (Vaults:2)
  A wolf spider (Spider:3)
  A cyclops (Shoals:1)
  A rime drake (shapeshifter) (Vaults:2)
  A guardian mummy (Tomb:2)
  3 yaktaurs
  A troll (D:13)
  An ettin skeleton (Tomb:2)
  A redback (Spider:4)
  15 flying skulls (Tomb:2)
  An ice dragon skeleton (Tomb:3)
  A harpy simulacrum (Abyss:4)
  7 orc warriors
  2 ogres (Vaults:1)
  3 boggarts (Depths:1)
  6 centaurs
  A big kobold (D:12)
  An orc priest (Orc:1)
  An orc wizard (Orc:2)
  2 mummies (Tomb:2)
  5 orcs
  2 crawling corpses (Elf:3)
  6 fungi (Lair:6)
  4 plants
  30 starspawn tentacles
  11 tentacles (Shoals:1)
130 creatures vanquished.

Grand Total: 2305 creatures vanquished

Notes
Turn   | Place    | Note
-------+----------+-------------------------------------------
     0 | D:1      | Aviraven the Gargoyle Fighter began the quest for the Orb.
     0 | D:1      | Reached XP level 1. HP: 14/14 MP: 1/1
    27 | D:1      | Reached XP level 2. HP: 19/19 MP: 2/2
    84 | D:1      | Reached skill level 3 in Maces & Flails
   293 | D:1      | Reached XP level 3. HP: 23/23 MP: 3/3
   808 | D:2      | Found a shadowy altar of Dithmenos.
   808 | D:2      | Found a snail-covered altar of Cheibriados.
   809 | D:2      | Found a basalt altar of Yredelemnul.
   919 | D:2      | Reached skill level 4 in Maces & Flails
  1061 | D:2      | Found a runed door.
  1133 | D:2      | Found a deep blue altar of Sif Muna.
  1148 | D:3      | Reached XP level 4. HP: 28/28 MP: 4/4
  1798 | D:3      | Reached skill level 5 in Maces & Flails
  1798 | D:3      | Reached XP level 5. HP: 7/32 MP: 5/5
  1835 | D:4      | Found Puogguh's Antique Weapon Shop.
  2358 | D:4      | Noticed Grinder
  2364 | D:4      | Paralysed by Grinder for 2 turns
  3165 | D:4      | Reached skill level 6 in Maces & Flails
  3190 | D:4      | Found a hide-covered altar of Uskayaw.
  3192 | D:4      | Noticed a dagger
  3192 | D:4      | Noticed a hand axe
  3204 | D:4      | Reached XP level 6. HP: 37/37 MP: 6/6
  3255 | D:4      | Paralysed by Grinder for 7 turns
  3263 | D:4      | Killed Grinder
  3263 | D:4      | Reached skill level 7 in Maces & Flails
  3263 | D:4      | Reached XP level 7. HP: 35/41 MP: 7/7
  3773 | D:4      | Reached skill level 8 in Maces & Flails
  4020 | D:5      | Entered Level 5 of the Dungeon
  4114 | D:5      | Found Kerum's Antique Armour Shoppe.
  4715 | D:5      | Reached skill level 9 in Maces & Flails
  4715 | D:5      | Reached XP level 8. HP: 35/46 MP: 8/8
  4915 | D:6      | Found a staircase to the Ecumenical Temple.
  4931 | D:6      | Noticed hoot's ghost (novice KoHu)
  4967 | Temple   | Entered the Ecumenical Temple
  5143 | Temple   | Became a worshipper of Makhleb the Destroyer
  5190 | D:6      | Killed hoot's ghost
  5190 | D:6      | Reached skill level 10 in Maces & Flails
  5255 | D:6      | Reached skill level 11 in Maces & Flails
  5464 | D:6      | Reached XP level 9. HP: 35/51 MP: 9/9
  5886 | D:6      | Found Peud's General Store.
  5960 | D:4      | Bought a dazzling flail for 289 gold pieces
  5961 | D:4      | Identified the +8 flail of Fear {flame, rN+ MP+9} (You bought it in a shop on level 4 of the Dungeon)
  6258 | D:7      | Reached * piety under Makhleb
  6617 | D:7      | Reached skill level 12 in Maces & Flails
  6714 | D:7      | Found a hazy altar of Hepliaklqana.
  7002 | D:8      | Noticed Maurice
  7192 | D:8      | Killed Maurice
  7192 | D:8      | Reached skill level 13 in Maces & Flails
  7331 | D:8      | Reached XP level 10. HP: 56/56 MP: 10/10
  7344 | D:8      | Found a staircase to the Lair.
  7733 | D:9      | Reached ** piety under Makhleb
  7793 | D:9      | Noticed AlphabetPasta's ghost (novice OpFi)
  7837 | D:9      | Found a flagged portal.
  7848 | Bailey   | Entered a bailey
  7848 | Bailey   | Noticed an orc knight
  8574 | D:9      | Reached skill level 14 in Maces & Flails
  9102 | Lair:1   | Entered Level 1 of the Lair of Beasts
  9938 | Lair:2   | Reached skill level 5 in Shields
 10093 | Lair:2   | Reached XP level 11. HP: 60/60 MP: 11/11
 10102 | Lair:2   | Reached *** piety under Makhleb
 10764 | Lair:3   | Reached skill level 10 in Shields
 11009 | D:5      | Bought an encrusted cloak for 266 gold pieces
 11009 | D:5      | Identified the +0 cloak "Xeotum" {rN+ MR+} (You bought it in a shop on level 5 of the Dungeon)
 11197 | Lair:3   | Found a hole to the Spider Nest.
 11253 | Lair:3   | Got a warped plate armour
 11264 | Lair:3   | Identified the +10 plate armour of the Black Moon {rC+ Dex+6} (You found it on level 3 of the Lair of Beasts)
 11704 | Lair:3   | Found a staircase to the Shoals.
 11718 | Lair:3   | Reached skill level 5 in Armour
 11920 | Lair:4   | Noticed a six-headed hydra
 11935 | Lair:4   | Killed a six-headed hydra
 12341 | Lair:4   | Reached XP level 12. HP: 64/64 MP: 12/12
 12829 | Lair:5   | Noticed Rupert
 12832 | Lair:5   | Paralysed by Rupert for 4 turns
 12896 | Lair:5   | Noticed an eight-headed hydra
 12911 | Lair:4   | Reached **** piety under Makhleb
 12956 | Lair:5   | Killed an eight-headed hydra
 12985 | Lair:5   | Reached skill level 10 in Armour
 13077 | Lair:5   | Found a viscous altar of Jiyva.
 13078 | Lair:5   | Found a staircase to the Slime Pits.
 13349 | Lair:5   | Noticed an eight-headed hydra
 13360 | Lair:5   | Killed an eight-headed hydra
 13458 | Lair:6   | Entered Level 6 of the Lair of Beasts
 13639 | Lair:5   | Killed Rupert
 13945 | Lair:6   | Reached skill level 1 in Dodging
 13988 | Lair:6   | Noticed a spriggan rider
 14119 | Lair:6   | Reached XP level 13. HP: 68/68 MP: 13/13
 14271 | Lair:6   | Reached skill level 5 in Dodging
 14415 | Lair:6   | Reached ***** piety under Makhleb
 14420 | Lair:6   | Reached skill level 1 in Invocations
 14668 | Lair:6   | Reached skill level 5 in Invocations
 15535 | D:10     | Entered Level 10 of the Dungeon
 15996 | D:11     | Noticed Josephine
 16032 | D:11     | Killed Josephine
 16302 | D:11     | Noticed Urug
 16329 | D:11     | Killed Urug
 16642 | D:12     | Found a staircase to the Orcish Mines.
 16648 | D:12     | Reached skill level 10 in Invocations
 16663 | D:12     | Reached ****** piety under Makhleb
 16688 | D:12     | Gained mutation: Your large and strong wings let you fly indefinitely. [Gargoyle growth]
 16688 | D:12     | Reached XP level 14. HP: 61/74 MP: 21/21
 16959 | D:12     | Found Gepaty's Antique Armour Emporium.
 17049 | D:12     | Found a corrupted altar of Lugonu.
 17454 | D:13     | Reached skill level 5 in Fighting
 17711 | D:13     | Found Nadigh's Changing Room.
 17819 | D:13     | Identified a scroll of acquirement
 17823 | D:13     | Got a shimmering wooden ring
 17972 | D:13     | You fall through a shaft for 2 floors!
 17972 | D:15     | Entered Level 15 of the Dungeon
 17973 | D:15     | Noticed an Executioner
 18127 | D:14     | Found a radiant altar of Vehumet.
 18825 | D:13     | Found a gate to the Vaults.
 19258 | D:13     | Identified the ring of the Cricket {rCorr *Drain Dex+7 Slay+2 SInv} (You acquired it on level 13 of the Dungeon)
 19574 | D:13     | Noticed Frances
 19584 | D:13     | Killed Frances
 19584 | D:13     | Reached skill level 15 in Maces & Flails
 20005 | Shoals:1 | Entered Level 1 of the Shoals
 20342 | Shoals:1 | Reached XP level 15. HP: 88/88 MP: 24/24
 20662 | Shoals:1 | Noticed a kraken
 20760 | Shoals:2 | Reached skill level 16 in Maces & Flails
 20773 | Shoals:2 | Got a steaming platinum ring
 21368 | Shoals:3 | Noticed an Executioner
 21735 | Shoals:4 | Entered Level 4 of the Shoals
 21800 | Shoals:4 | Reached skill level 17 in Maces & Flails
 21815 | Shoals:4 | Got a faintly glowing graven amulet
 22276 | Shoals:4 | Noticed a frost giant
 22288 | Shoals:4 | Killed a frost giant
 22643 | Shoals:4 | Got a bloodstained longbow
 22654 | Shoals:4 | Reached skill level 1 in Bows
 22687 | Shoals:4 | Reached XP level 16. HP: 93/93 MP: 25/25
 22731 | Shoals:4 | Got a barnacled rune of Zot
 22809 | Shoals:4 | Reached skill level 5 in Bows
 23772 | Orc:1    | Entered Level 1 of the Orcish Mines
 23773 | Orc:1    | Found Diddus's Jewellery Shop.
 23947 | Orc:2    | Entered Level 2 of the Orcish Mines
 24030 | Orc:2    | Found Zixy's Armour Shoppe.
 24031 | Orc:2    | Found Hagaiqan's Antique Weapon Shop.
 24031 | Orc:2    | Found Fuadghuo's Magic Scroll Emporium.
 24553 | Orc:2    | Noticed Nessos
 24562 | Orc:2    | Killed Nessos
 24584 | Orc:2    | Found a staircase to the Elven Halls.
 24769 | Orc:2    | Found Hoskar's Distillery.
 24774 | Orc:2    | Bought a scroll of teleportation for 42 gold pieces
 24774 | Orc:2    | Bought a scroll of fear for 49 gold pieces
 25089 | Elf:1    | Entered Level 1 of the Elven Halls
 25253 | Orc:2    | Bought a scroll of identify for 28 gold pieces
 25253 | Orc:2    | Bought a scroll of identify for 28 gold pieces
 25253 | Orc:2    | Identified the amulet of the Bouncing Seas {Spirit Str+2} (You found it on level 4 of the Shoals)
 25254 | Orc:2    | Identified the ring "Zicsul" {*Slow rElec rPois rN+ Str+3} (You found it on level 2 of the Shoals)
 25306 | Orc:1    | Paralysed by an orc sorcerer for 6 turns
 25546 | Orc:1    | Found an iron altar of Okawaru.
 26078 | Spider:1 | Entered Level 1 of the Spider Nest
 26910 | Spider:1 | Reached skill level 15 in Shields
 27227 | Spider:2 | Reached XP level 17. HP: 97/97 MP: 26/26
 27293 | Spider:2 | Identified the cursed +0 longbow "Zoott" {flame, rF++} (You took it off a merfolk javelineer on level 4 of the Shoals)
 27613 | Spider:4 | Entered Level 4 of the Spider Nest
 28136 | Spider:3 | Found a roughly hewn altar of Beogh.
 28180 | Spider:3 | Gained mutation: You have large cloven feet. [potion of mutation]
 28180 | Spider:3 | Gained mutation: You have supernaturally acute eyesight. (SInv) [potion of mutation]
 28180 | Spider:3 | Gained mutation: You are robust. (+10% HP) [potion of mutation]
 28296 | Spider:4 | Noticed Kirke
 28784 | Spider:4 | Noticed Arachne
 29174 | Spider:4 | Killed Arachne
 29377 | Spider:4 | Noticed Asterion
 29612 | Spider:4 | Killed Kirke
 29612 | Spider:4 | Reached XP level 18. HP: 90/117 MP: 27/27
 29622 | Spider:4 | Reached skill level 10 in Fighting
 29667 | Spider:4 | Cast into level 4 of the Abyss (a Zot trap)
 29940 | Abyss:4  | Noticed a Hell Sentinel
 29965 | Abyss:4  | Killed a Hell Sentinel
 30163 | Abyss:4  | Noticed a quicksilver dragon
 30181 | Abyss:4  | Killed a quicksilver dragon
 30187 | Abyss:4  | Gained mutation: Your natural rate of healing is unusually fast. [a neqoxec]
 30226 | Abyss:4  | Noticed a bone dragon
 30251 | Abyss:4  | Killed a bone dragon
 30264 | Spider:4 | Escaped the Abyss
 30922 | Spider:4 | Got a gossamer rune of Zot
 31840 | Elf:1    | Noticed Agnes
 31877 | Elf:1    | Killed Agnes
 32067 | Elf:1    | Reached skill level 15 in Fighting
 32287 | Elf:1    | Reached XP level 19. HP: 136/136 MP: 28/28
 32830 | Elf:2    | Found Cutiat's Jewellery Emporium.
 33209 | Elf:2    | Found a large runed door.
 33209 | Elf:2    | Found a large runed door.
 33234 | Elf:2    | Found a large runed door.
 33234 | Elf:2    | Found a large runed door.
 33305 | Elf:3    | Entered Level 3 of the Elven Halls
 33305 | Elf:3    | Found a shimmering altar of Xom.
 33467 | Elf:3    | Found Ykitoywo's Distillery.
 34754 | Elf:1    | Learned a level 3 spell: Stone Arrow
 34930 | Elf:2    | Reached skill level 1 in Earth Magic
 35073 | Elf:3    | Reached skill level 5 in Earth Magic
 35141 | Elf:3    | Bought a potion of heal wounds for 100 gold pieces
 35141 | Elf:3    | Bought a potion of haste for 200 gold pieces
 35141 | Elf:3    | Bought a potion of haste for 200 gold pieces
 35384 | Elf:3    | Identified Kikubaaqudgha's Papyrus of Unholy Rites
 35469 | Elf:3    | Got an encrusted mace
 35470 | Elf:3    | Identified the +2 mace "Murmur" {crush, Fragile Int+2 Dex+6 Stlth+} (You found it on level 3 of the Elven Halls)
 35475 | Elf:3    | Got a clouded marble ring
 35476 | Elf:3    | Identified the ring "Ujiamp" {+Fly AC+4 Int-4 Dex+2} (You found it on level 3 of the Elven Halls)
 35500 | Elf:3    | Got a steaming brass ring
 35512 | Elf:3    | Got a crude flail
 35616 | Elf:3    | Learned a level 8 spell: Lehudib's Crystal Spear
 36068 | D:13     | Identified the +6 flail of the Philosopher {drain, MR+} (You found it on level 3 of the Elven Halls)
 36396 | Spider:2 | Identified the ring "Liakegaa" {rC- MP+9 Str+2 Slay+2} (You found it on level 3 of the Elven Halls)
 36713 | D:14     | Reached skill level 1 in Conjurations
 36739 | D:14     | Reached XP level 20. HP: 141/141 MP: 29/29
 37565 | D:15     | Found a staircase to the Depths.
 37756 | Vaults:1 | Entered Level 1 of the Vaults
 37873 | Vaults:1 | Reached skill level 18 in Maces & Flails
 38136 | Vaults:1 | Found Cegudej's Food Shop.
 38951 | Vaults:1 | Noticed Jorgrun
 38964 | Vaults:1 | Killed Jorgrun
 38964 | Vaults:1 | Reached skill level 19 in Maces & Flails
 39032 | Vaults:1 | Paralysed by a great orb of eyes for 3 turns
 39660 | Vaults:2 | Reached skill level 10 in Dodging
 40013 | Depths:1 | Entered Level 1 of the Depths
 40025 | Depths:1 | Noticed the Enchantress
 40122 | D:15     | Killed the Enchantress
 40399 | D:15     | Reached XP level 21. HP: 144/147 MP: 20/30
 40445 | D:15     | Identified the +4 faerie dragon scales {MR- rCorr Str+3 Dex+4 Stlth+} (You took it off the Enchantress on level 15 of the Dungeon)
 40682 | D:9      | Killed AlphabetPasta's ghost
 42070 | Vaults:2 | Paralysed by an ogre mage for 4 turns
 42597 | Elf:3    | Got a steaming hand crossbow
 42599 | Elf:3    | Identified the +9 hand crossbow of Satyriasis {flame, rElec Int+7} (You found it on level 3 of the Elven Halls)
 43286 | Vaults:2 | Got a black opal-encrusted chain mail
 43326 | Vaults:2 | Reached skill level 1 in Crossbows
 43334 | Vaults:2 | Found Nihara's Magic Scroll Shop.
 43342 | Vaults:2 | Bought a scroll of identify for 38 gold pieces
 43342 | Vaults:2 | Bought a scroll of identify for 38 gold pieces
 43342 | Vaults:2 | Bought a scroll of enchant armour for 142 gold pieces
 43464 | Vaults:2 | Found a staircase to the Crypt.
 43473 | Crypt:1  | Entered Level 1 of the Crypt
 43928 | Crypt:1  | Reached skill level 5 in Crossbows
 44277 | Crypt:1  | Identified the +3 chain mail "Faptax" {rF+ MR- Dex+3} (You found it on level 2 of the Vaults)
 44508 | Crypt:2  | Reached XP level 22. HP: 154/154 MP: 32/32
 44548 | Crypt:2  | Paralysed by a vampire knight for 5 turns
 44966 | Crypt:2  | Found a magical portal.
 44975 | WizLab   | Entered Lehudib's Moon Base
 44996 | WizLab   | Reached skill level 10 in Crossbows
 45048 | WizLab   | Lost mutation: You are robust. (+10% HP) [a neqoxec]
 45530 | WizLab   | Lost mutation: Your natural rate of healing is unusually fast. [a neqoxec]
 45579 | WizLab   | Gained mutation: Armour fits poorly on your strangely shaped body. [a cacodemon]
 45669 | WizLab   | Gained mutation: Your spells are a little harder to cast, but a little more powerful. [potion of beneficial mutation]
 45717 | WizLab   | Paralysed by accursed screaming for 1 turns
 45775 | WizLab   | Paralysed by a great orb of eyes for 5 turns
 46536 | Crypt:2  | Noticed Mennas
 46576 | Crypt:2  | Killed Mennas
 46767 | Crypt:2  | Noticed Boris
 46785 | Crypt:2  | Killed Boris
 47038 | Crypt:3  | Entered Level 3 of the Crypt
 47207 | Crypt:3  | Reached XP level 23. HP: 146/146 MP: 33/33
 47248 | Crypt:3  | Found a basalt altar of Yredelemnul.
 47953 | Crypt:3  | Noticed Xtahua
 47960 | Crypt:3  | Paralysed by Xtahua for 4 turns
 47966 | Crypt:3  | Paralysed by Xtahua for 2 turns
 47979 | Crypt:3  | Paralysed by Xtahua for 7 turns
 47984 | Crypt:3  | Killed Xtahua
 48326 | Crypt:3  | Found a staircase to the Tomb.
 48600 | Tomb:1   | Entered Level 1 of the Tomb of the Ancients
 48623 | Tomb:1   | Noticed Jory
 48664 | Tomb:1   | Killed Jory
 48809 | Tomb:1   | Paralysed by a sphinx for 4 turns
 48830 | Tomb:1   | Paralysed by a sphinx for 7 turns
 49482 | Tomb:1   | Paralysed by a sphinx for 7 turns
 49663 | Tomb:1   | Identified the +4 scale mail of Jifuskay {+Inv Str+2} (You took it off a mummy priest on level 1 of the Tomb of the Ancients)
 49945 | Tomb:1   | Paralysed by a lich for 6 turns
 50061 | Tomb:1   | Noticed an ancient lich
 50082 | Tomb:1   | Killed an ancient lich
 50414 | Tomb:2   | Noticed a greater mummy
 50415 | Tomb:2   | Noticed a greater mummy
 50643 | Tomb:2   | Noticed a greater mummy
 50692 | Tomb:2   | Noticed a greater mummy
 50742 | Tomb:1   | Killed a greater mummy
 50742 | Tomb:1   | Reached XP level 24. HP: 126/160 MP: 22/34
 50864 | Tomb:1   | Killed a greater mummy
 51016 | Tomb:1   | Killed a greater mummy
 51354 | Tomb:1   | Killed a greater mummy
 51973 | Tomb:1   | Noticed a greater mummy
 51974 | Tomb:1   | Noticed a greater mummy
 51983 | Tomb:1   | Noticed a greater mummy
 52207 | Tomb:2   | Killed a greater mummy
 52257 | Tomb:1   | Noticed a greater mummy
 52264 | Tomb:1   | Killed a greater mummy
 52264 | Tomb:1   | Reached skill level 20 in Maces & Flails
 52285 | Tomb:2   | Killed a greater mummy
 52416 | Tomb:1   | Noticed a greater mummy
 52422 | Tomb:1   | Killed a greater mummy
 52443 | Tomb:1   | Killed a greater mummy
 52539 | Tomb:1   | Noticed a greater mummy
 52809 | Tomb:1   | Killed a greater mummy
 52867 | Tomb:1   | Noticed a greater mummy
 52879 | Tomb:1   | Killed a greater mummy
 52909 | Tomb:1   | Noticed a greater mummy
 52930 | Tomb:1   | Killed a greater mummy
 52930 | Tomb:1   | Reached skill level 21 in Maces & Flails
 53597 | Tomb:3   | Entered Level 3 of the Tomb of the Ancients
 53746 | Tomb:3   | Noticed a greater mummy
 53821 | Tomb:2   | Reached skill level 15 in Invocations
 53913 | Tomb:2   | Reached XP level 25. HP: 165/165 MP: 34/34
 53927 | Tomb:3   | Noticed a greater mummy
 53942 | Tomb:2   | Killed a greater mummy
 54106 | Tomb:3   | Noticed a greater mummy
 54108 | Tomb:3   | Noticed a greater mummy
 54271 | Tomb:3   | Noticed Khufu
 54272 | Tomb:3   | Noticed a greater mummy
 54653 | Tomb:2   | Killed a greater mummy
 55008 | Tomb:2   | Killed a greater mummy
 55008 | Tomb:2   | Reached skill level 22 in Maces & Flails
 55231 | Tomb:3   | Noticed a greater mummy
 55493 | Tomb:2   | Killed a greater mummy
 55560 | Tomb:3   | Noticed a greater mummy
 55560 | Tomb:3   | Noticed a greater mummy
 55613 | Tomb:3   | HP: 3/165 [greater mummy/divine providence (9)]
 55840 | Tomb:3   | Killed a greater mummy
 55849 | Tomb:3   | Killed a greater mummy
 55849 | Tomb:3   | Reached skill level 1 in Stealth
 56099 | Tomb:3   | Killed a greater mummy
 56427 | Tomb:3   | Got a golden rune of Zot
 56516 | Tomb:2   | Killed Khufu
 57056 | Tomb:3   | Killed a greater mummy
 57075 | Tomb:3   | Got a brightly glowing helmet
 57103 | Tomb:3   | Got a warped granite ring
 57113 | Tomb:3   | Got a slimy flail
 57118 | Tomb:3   | Identified the Papyrus of Cankerous Companions
 57554 | Crypt:3  | Reached skill level 5 in Stealth
 58324 | Vaults:2 | Bought a scroll of teleportation for 57 gold pieces
 58324 | Vaults:2 | Bought a scroll of teleportation for 57 gold pieces
 59163 | Depths:1 | Identified the +7 flail of Equivalence {drain, +Fly Int+4} (You found it on level 3 of the Tomb of the Ancients)
 59344 | Depths:1 | Found a glowing golden altar of the Shining One.
 59550 | Depths:1 | Found a gateway to Hell.
 59598 | Depths:2 | Paralysed by a floating eye for 3 turns
 59617 | Depths:2 | Paralysed by a floating eye for 2 turns
 59628 | Depths:2 | Reached skill level 23 in Maces & Flails
 59635 | Depths:2 | Paralysed by a floating eye for 3 turns
 59647 | Depths:2 | Paralysed by a floating eye for 3 turns
 59660 | Depths:2 | Paralysed by a floating eye for 2 turns
 59720 | Depths:2 | Killed from afar by a frost giant

Vault maps used:
D:1:      eino_arrival_water_cross, minmay_surrounded
D:2:      nicolae_overflow_quartered_altars, first_bread, minmay_tetromino_o2,
          uniq_crazy_yiuf_cottage
D:3:      minmay_misc_feat_secret_circle
D:4:      dancing_weapons_uskayaw, serial_shops, shop, uniq_grinder
D:5:      serial_shops, shop, kennysheep_generic_room_7
D:6:      serial_shops, shop, nemelex_xobeh_ov_fountains_minmay
D:7:      lemuel_doored_altar, grunt_decor_clamped, grunt_ogre_cave
D:8:      lair_entry_dummy, uniq_maurice
D:9:      enter_bailey_2, grunt_decor_cap
D:10:     serial_glass, glass_columns_c, glass_columns_b
D:11:     uniq_urug, uniq_josephine
D:12:     kennysheep_orc_monster_closet_entryway, serial_shops,
          nicolae_shop_behind_doors, tgw_lugonu_bribe
D:13:     lemuel_castle_with_subvaults, grunt_vaults_entry_tiered,
          nicolae_transmutations_shop, uniq_frances
D:14:     serial_bayou_pond_e, basic_altar, minivault_25_ag
D:15:     gammafunk_enter_depths_forms, serial_park_tiny_2
Temple:   regret_index_temple_waves
Lair:3:   elwin_shoals_entry_stream, spider_nest_entry_web_field,
          beast_lair_carwin_9
Lair:5:   slime_altar_1, st_stairs_9, infiniplex_staircase_pool_2,
          lemuel_fruit_tree, uniq_rupert
Lair:6:   minmay_lair_end_enchanted_forest
Shoals:1: argonaut_gorgonesque
Shoals:2: serial_shops, nicolae_shop_trees
Shoals:3: cheibrodos_shoals_roost
Shoals:4: shoals_end_grunt_ice, shoals_ilsuiw_ice
Spider:3: nicolae_spider_mines_2, nicolae_spider_webbed_stairs
Spider:4: johnstein_spider_rune_arachne_lair, guppyfry_hornet_nest,
          uniq_arachne, uniq_asterion, uniq_kirke
Orc:1:    serial_shops, shop, abandoned_shop, okawaru_metal_pillars_1_2
Orc:2:    st_orc_rangers, mines4_lemuel, uniq_nessos
Elf:1:    hangedman_elven_crosses_minicolossus, st_stairs_8, grunt_ministairs_8,
          uniq_agnes
Elf:2:    serial_shops, shop_fountains
Elf:3:    minmay_elf_hall_circle, basic_altar, serial_shops,
          nicolae_shop_crystal
Vaults:1: nicolae_vaults_network_square, ontoclasm_vaults_gateway, v_pattern_2,
          v_alt_pattern_2, nicolae_vaults_network_quincunx,
          vaults_mumra_chevron_long, v_misc_10, nicolae_vaults_little_squares_3,
          nicolae_vaults_border_crossing, nicolae_vaults_angled_halls,
          serial_shops, shop, uniq_jorgrun
Vaults:2: v_misc_8, hangedman_vaults_stitches, v_misc_29,
          dpeg_vaults_monster_row, nicolae_vaults_twisting_passages,
          nicolae_vaults_network_quinsquares, vaults_room_pool, st_star,
          ontoclasm_vaults_ring_small, v_alt_pattern_5, blue_anna_dwarven_crypt,
          nicolae_vaults_rhombus_6, serial_shops, shop
Crypt:1:  minmay_misc_feat_rows, uniq_sojobo
Crypt:2:  mu_enter_wizlab_6, serial_glass, glass_columns_a, glass_columns_c,
          glass_columns_b, glass_columns_b, glass_columns_c, glass_columns_a,
          glass_columns_a, glass_columns_a, glass_columns_c, glass_columns_b,
          uniq_boris, uniq_mennas
Crypt:3:  grunt_crypt_end_deaths_head, uniq_xtahua
Tomb:1:   uniq_jory
Depths:1: minmay_misc_feat_roman, pf_hell_entry_great_geh, tso_altar,
          uniq_enchantress
Depths:2: kennysheep_ogre_elephant_herders, lemuel_round_altar, hell_entry,
          minmay_staircase_bubble, grunt_megastairs_5
Abyss:4:  evilmike_abyss_rune_ettins
Bailey:   bailey_polearm_4, bailey
WizLab:   wizlab_lehudib

Skill      XL: |  1  2  3  4  5  6  7  8  9 10 11 12 13 14 15 16 17 18 19 20 21 22 23 24 25 |
---------------+----------------------------------------------------------------------------+-----
Maces & Flails | 3 4 5 6 7 9 11 13 14 15 17 19 21 23 | 23.0
Shields        | 6 10 12 15 18 | 18.4
Armour         | 8 12 | 12.4
Dodging        | 3 5 9 10 12 | 12.5
Invocations    | 10 12 13 14 15 16 | 16.1
Fighting       | 8 9 15 19 | 19.1
Bows           | 2 7 |  7.5
Earth Magic    | 9 |  9.8
Conjurations   | 1 2 |  2.2
Crossbows      | 7 13 | 13.7
Stealth        | 8 |  8.0

Action                   |  1- 3 |  4- 6 |  7- 9 | 10-12 | 13-15 | 16-18 | 19-21 | 22-24 | 25-27 || total
-------------------------+-------+-------+-------+-------+-------+-------+-------+-------+-------++-------
Melee: Flail             |    24 |    36 |   356 |   534 |  1453 |  1937 |     5 |       |       ||  4345
       Whip              |   115 |   225 |       |       |       |       |       |       |       ||   340
       Kick              |       |       |       |       |       |   524 |  1302 |  1397 |   573 ||  3796
       Unarmed           |       |       |       |       |       |     1 |       |       |       ||     1
       Morningstar       |       |       |       |       |       |       |  1658 |       |     9 ||  1667
       Demon whip        |       |       |       |       |       |       |   504 |  2174 |   693 ||  3371
       Eveningstar       |       |       |       |       |       |       |       |       |   158 ||   158
 Fire: Shortbow          |       |       |       |   116 |       |       |       |       |       ||   116
       Hand crossbow     |       |       |       |       |       |       |    10 |   108 |     8 ||   126
Invok: Lesser Servant of |       |       |       |       |    20 |    16 |       |       |       ||    36
       Major Destruction |       |       |       |       |     9 |    19 |     2 |     5 |       ||    35
       Greater Servant o |       |       |       |       |     8 |     9 |    10 |    27 |     9 ||    63
 Abil: Fly               |       |       |       |       |     2 |     2 |       |       |       ||     4
       Stop Flying       |       |       |       |       |     1 |     2 |       |       |       ||     3
Evoke: Wand              |       |     5 |    10 |     2 |       |       |       |       |       ||    17
  Use: Scroll            |     2 |     3 |    10 |    14 |    17 |    12 |    27 |    10 |     7 ||   102
       Potion            |       |     2 |     1 |     1 |     6 |    14 |     6 |     6 |    18 ||    54
 Stab: Distracted        |       |       |       |       |     6 |     4 |     2 |     9 |       ||    21
       Petrified         |       |       |       |       |       |     1 |       |       |       ||     1
       Invisible         |       |       |       |       |       |       |       |       |     4 ||     4
  Eat: Chunk             |     1 |     7 |    13 |    17 |    27 |     7 |     8 |     2 |       ||    82
       Bread ration      |       |       |       |     1 |     1 |     4 |     8 |     6 |     7 ||    27
       Pizza             |       |       |       |       |       |     1 |     3 |       |       ||     4
       Meat ration       |       |       |       |       |       |     1 |     1 |       |       ||     2
       Beef jerky        |       |       |       |       |       |     1 |       |       |       ||     1
Armor: Scale mail        |    44 |    40 |       |       |       |       |       |       |       ||    84
       Ring mail         |       |    55 |   158 |    51 |       |       |       |       |       ||   264
       Plate armour      |       |       |       |   146 |   718 |  1220 |   604 |   766 |   321 ||  3775
Dodge: Dodged            |    32 |    55 |    88 |    85 |   392 |   792 |   666 |   771 |   481 ||  3362
Block: Shield            |    50 |   108 |    14 |   275 |  1096 |  2070 |  1664 |  1713 |  1011 ||  8001
       Buckler           |       |       |   131 |    10 |       |       |       |       |       ||   141
       Reflection        |       |       |     1 |     5 |    14 |    87 |   131 |     8 |     8 ||   254
       Other             |       |       |       |    19 |       |       |       |       |       ||    19
